 Dungeon Crawl Stone Soup version 0.25-b1-23-ge2ad7d536c (webtiles) character file.

Game seed: 12292210879223539166, levelgen mode: deterministic

5325 Hugehornet the Cleaver (level 10, 0/56 HPs)
             Began as a Gargoyle Fighter on May 29, 2020.
             Was a Priest of Cheibriados.
             Shot with an arrow by a centaur warrior (9 damage)
             ... on level 10 of the Dungeon.
             The game lasted 00:16:16 (7747 turns).

Hugehornet the Cleaver (Gargoyle Fighter)           Turns: 7747, Time: 00:16:17

Health: 0/56       AC: 15    Str: 26    XL:     10   Next: 64%
Magic:  10/10      EV:  7    Int: 18    God:    Cheibriados [***...]
Gold:   420        SH: 10    Dex: 20    Spells: 9/9 levels left

rFire    + . .     SeeInvis +   o - +3 war axe
rCold    . . .     Gourm    .   c - +0 kite shield
rNeg     + + .     Faith    .   n - +0 scale mail of the Pink Corner {rN+ Dex+5 SInv}
rPois    ∞         Spirit   .   l - +0 helmet
rElec    +         Reflect  .   (no cloak)
rCorr    .         Harm     .   (no gloves)
MR       .....                  (no boots)
Stlth    ..........             y - amulet of regeneration
HPRegen  0.58/turn              C - ring of wizardry
MPRegen  0.12/turn              G - ring of protection from fire

@: mighty, stab, very slightly contaminated, invisible, very slow
A: negative energy resistance 1, electricity resistance, unbreathing,
petrification resistance, rot immunity, AC +7
a: Bend Time, Temporal Distortion, Renounce Religion


You were on level 10 of the Dungeon.
You worshipped Cheibriados.
Cheibriados was most pleased with you.
You were not hungry.

You visited 2 branches of the dungeon, and saw 11 of its levels.
You also visited: Sewer.

You collected 420 gold pieces.

Inventory:

Hand Weapons
 k - a +0 whip of flaming
 o - a +3 war axe (weapon)
 L - a +0 trident
Armour
 a - a +0 plate armour
 c - a +0 kite shield (worn)
 i - a +0 chain mail
 l - a +0 helmet (worn)
 n - the +0 scale mail of the Pink Corner (worn) {rN+ Dex+5 SInv}
   (You found it on level 7 of the Dungeon)

   It affects your dexterity (+5).
   It protects you from negative energy.
   It lets you see invisible.
 A - a +0 tower shield
Jewellery
 e - an uncursed amulet of magic regeneration {unknown}
 y - an amulet of regeneration (around neck)
 C - a ring of wizardry (left hand)
 F - an uncursed amulet of guardian spirit
 G - a ring of protection from fire (right hand)
Wands
 b - a wand of flame (14)
 g - a wand of digging (23)
 u - a wand of disintegration (28)
Scrolls
 h - 3 scrolls of teleportation
 j - 3 scrolls of amnesia
 p - a scroll of immolation
 q - a scroll of enchant weapon {unknown}
 x - 3 scrolls of blinking {unknown}
 z - a scroll of enchant armour {unknown}
 D - a scroll of remove curse
 H - 2 scrolls of magic mapping
 I - a scroll of fog {unknown}
 K - 2 scrolls of vulnerability {unknown}
 N - a scroll of random uselessness {unknown}
Potions
 m - 5 potions of curing
 r - 2 potions of brilliance
 s - 3 potions of mutation {unknown}
 t - a potion of berserk rage {unknown}
 v - a potion of cancellation {unknown}
 w - 4 potions of flight
 B - 3 potions of stabbing
 E - 2 potions of invisibility
 J - 2 potions of heal wounds
 M - 2 potions of lignification
Comestibles
 f - 18 rations
 O - 3 chunks of flesh


   Skills:
 - Level 3.2 Fighting
 + Level 13.7 Axes
 - Level 3.2 Armour
 - Level 3.2 Shields


You had 9 spell levels left.
You didn't know any spells.
Your spell library contained the following spells:

 Spells                   Type           Power        Failure   Level  Hunger
 Corona                   Hex            #......      63%         1    ##.....
 Ensorcelled Hibernation  Hex/Ice        #.....       77%         2    ###....
 Confusing Touch          Hex            #.......     92%         3    ####...
 Dazzling Flash           Conj/Hex       #.....       92%         3    ####...
 Tukima's Dance           Hex            #.......     92%         3    ####...


Dungeon Overview and Level Annotations

Branches:
Dungeon (10/15)            Temple (1/1) D:5           Sewer (visited)
   Lair: D:8-11         Orc: D:9-12

Altars:
Ashenzari
Cheibriados
Dithmenos
Elyvilon
Fedhas
Gozag
Hepliaklqana
Kikubaaqudgha
Makhleb
Nemelex Xobeh
Okawaru
Qazlal
Ru
Sif Muna
Trog
Uskayaw
Vehumet
Wu Jian
Xom
Yredelemnul
Zin
The Shining One

Annotations:
D:8 3 runed translucent doors, Daeffanwuo's ghost, novice MiFi


Innate Abilities, Weirdness & Mutations

You are resistant to torment.
Your stone body is resilient. (AC +7)
You are immune to poison.
You resist negative energy. (rN+)
You are resistant to electric shocks. (rElec)
You can survive without breathing.
You are immune to petrification.
You are immune to rotting.


Message History

The arrow closely misses the tengu warrior.
The arrow hits you! The tengu warrior closely misses you.
The tengu warrior barely misses you. You block the tengu warrior's attack.
Unknown command.
You are too injured to fight recklessly!
You are too injured to fight recklessly!
You are too injured to fight recklessly!
The helpless tengu warrior fails to defend itself.
You slice the tengu warrior!!
The tengu warrior is moderately wounded.
The centaur warrior shoots an arrow.
The arrow hits the tengu warrior!
The helpless tengu warrior fails to defend itself.
You slice the tengu warrior!!
The tengu warrior is almost dead.
The tengu warrior hits you with a cursed -1 battleaxe!
* * * LOW HITPOINT WARNING * * *
The tengu warrior barely misses you. The tengu warrior claws you.
* * * LOW HITPOINT WARNING * * *
The centaur warrior shoots an arrow.
The arrow hits you!
You die...

. ..
...######
cO......#
..c.....#
.W5Q....#
##W#
######Qc#
#....@..#
#.#####.#
#.# #.#
#.# #..
#.# ####
#.# #.##
#..# ##.#


You could see a tengu warrior, a centaur warrior and a shadow.

Vanquished Creatures
  A two-headed ogre (D:9)
  Pikel (D:7)
  A troll (D:8)
  A merfolk (D:10)
  Grinder (Sewer)
  A hippogriff (D:7)
  2 orc warriors
  A slave (D:7)
  A black bear (D:8)
  3 sky beasts
  A phantom (D:4)
  7 ogres
  3 centaurs
  2 big kobolds
  4 bullfrogs
  Blork the orc (D:5)
  A gnoll sergeant (D:6)
  3 scorpions
  A howler monkey (D:9)
  A crimson imp (D:5)
  A bullfrog zombie (D:5)
  3 quasits
  A hound (D:8)
  3 jellies
  4 orc priests
  A bullfrog skeleton (D:4)
  A centaur skeleton (D:5)
  Ijyb (D:5)
  6 orc wizards
  6 worker ants
  4 big kobold zombies (Sewer)
  A howler monkey zombie (D:10)
  8 gnolls (D:6)
  A river rat (D:5)
  11 adders
  3 shadow imps
  2 ufetubi (Sewer)
  2 oozes
  2 adder skeletons
  An adder zombie (D:7)
  7 worms
  A dart slug (D:1)
  3 leopard geckos
  20 orcs
  3 ball pythons
  5 bats
  10 giant cockroaches
  8 goblins
  7 hobgoblins
  17 jackals
  2 quokkas
  7 frilled lizards
  A jackal skeleton (D:5)
  28 kobolds
  A kobold zombie (Sewer)
  A leopard gecko zombie (D:5)
  6 rats
226 creatures vanquished.

Vanquished Creatures (others)
  A slave (D:7)
  An ooze (Sewer)
2 creatures vanquished.

Grand Total: 228 creatures vanquished

Notes
Turn   | Place    | Note
-------+----------+-------------------------------------------
     0 | D:1      | Hugehornet the Gargoyle Fighter began the quest for the
                  | Orb.
     0 | D:1      | Reached XP level 1. HP: 14/14 MP: 1/1
    79 | D:1      | Reached skill level 2 in Axes
   202 | D:1      | Reached XP level 2. HP: 19/19 MP: 2/2
   481 | D:2      | Reached skill level 3 in Axes
   481 | D:2      | Reached XP level 3. HP: 16/23 MP: 3/3
   709 | D:2      | Reached XP level 4. HP: 23/28 MP: 4/4
   910 | D:2      | Reached skill level 4 in Axes
  1260 | D:2      | Found a sparkling altar of Nemelex Xobeh.
  1446 | D:3      | Noticed a centaur
  1453 | D:3      | Killed a centaur
  1453 | D:3      | Reached skill level 5 in Axes
  1453 | D:3      | Reached XP level 5. HP: 26/32 MP: 5/5
  1835 | D:4      | Noticed a phantom
  1854 | D:4      | Killed a phantom
  1854 | D:4      | Reached XP level 6. HP: 28/37 MP: 6/6
  1963 | D:4      | Reached skill level 6 in Axes
  2131 | D:4      | Noticed a sky beast
  2147 | D:4      | Killed a sky beast
  2151 | D:4      | Found an ornate altar of the Wu Jian Council.
  2321 | D:4      | Reached XP level 7. HP: 19/41 MP: 7/7
  2577 | D:4      | Found a burning altar of Makhleb.
  2577 | D:4      | Found a shattered altar of Ashenzari.
  2578 | D:4      | Found a shadowy altar of Dithmenos.
  2920 | D:5      | Entered Level 5 of the Dungeon
  2938 | D:5      | Reached skill level 7 in Axes
  2989 | D:5      | Found a glowing drain.
  3031 | Sewer    | Entered a sewer
  3142 | Sewer    | Found a burning altar of Makhleb.
  3154 | Sewer    | Reached skill level 8 in Axes
  3191 | Sewer    | Reached XP level 8. HP: 46/46 MP: 8/8
  3216 | Sewer    | Noticed Grinder
  3225 | Sewer    | Paralysed by Grinder for 3 turns
  3230 | Sewer    | Killed Grinder
  3286 | Sewer    | Reached skill level 9 in Axes
  3487 | D:5      | Noticed Blork the orc
  3487 | D:5      | Noticed Ijyb
  3493 | D:5      | Killed Blork the orc
  3497 | D:5      | Killed Ijyb
  3646 | D:5      | Reached skill level 10 in Axes
  3726 | D:5      | Found a staircase to the Ecumenical Temple.
  3736 | Temple   | Entered the Ecumenical Temple
  3900 | Temple   | Became a worshipper of Cheibriados the Contemplative
  4344 | D:6      | Reached XP level 9. HP: 44/51 MP: 9/9
  4686 | D:7      | Reached * piety under Cheibriados
  4785 | D:7      | Reached skill level 11 in Axes
  4793 | D:7      | Noticed Pikel
  4819 | D:7      | Killed Pikel
  4891 | D:7      | Got a shimmering scale mail
  4904 | D:7      | Identified the cursed +0 scale mail of the Pink Corner {rN+
                  | Dex+5 SInv} (You found it on level 7 of the Dungeon)
  5087 | D:7      | Reached skill level 12 in Axes
  5362 | D:7      | Found a shimmering blue altar of Sif Muna.
  5482 | D:7      | Found an iron altar of Okawaru.
  5824 | D:8      | Reached XP level 10. HP: 55/56 MP: 10/10
  5854 | D:8      | Reached ** piety under Cheibriados
  5922 | D:8      | Found a runed translucent gate.
  5922 | D:8      | Found a runed translucent gate.
  5922 | D:8      | Found a runed translucent gate.
  5922 | D:8      | Noticed Daeffanwuo's ghost (novice MiFi)
  5934 | D:8      | Found a shattered altar of Ashenzari.
  6452 | D:9      | Reached skill level 13 in Axes
  6507 | D:9      | Found a shattered altar of Ashenzari.
  6832 | D:9      | Noticed a two-headed ogre
  6841 | D:9      | Killed a two-headed ogre
  7501 | D:10     | Entered Level 10 of the Dungeon
  7598 | D:10     | Reached *** piety under Cheibriados
  7740 | D:10     | Noticed an ogre mage
  7740 | D:10     | Noticed a centaur warrior
  7740 | D:10     | Noticed a tengu warrior
  7747 | D:10     | Shot with an arrow by a centaur warrior

Illustrated notes

Levels and vault maps discovered:
D:1:      co_arrival_random_square_maze, layout_rooms
D:2:      layout_rooms, nemelex_altar_shiori, first_ration,
          kennysheep_small_spiral
D:3:      layout_rooms
D:4:      layout_loops_ring, chequers_temple_overflow_statue_of_worship,
          nicolae_overflow_hidden_temple, dk_vineyard_1
D:5:      layout_rooms, minmay_temple_entry_antechambers, portal_sewer_entry_a,
          minivault_27, item_on_display_a, uniq_blork_the_orc, uniq_ijyb
D:6:      layout_cave_pools
D:7:      kennysheep_orc_sif_temple, layout_basic, kennysheep_mini, uniq_pikel
D:8:      layout_cave_pools, gammafunk_ghost_spectres, basic_altar
D:9:      layout_basic, basic_altar
D:10:     minmay_shrinking_squares, layout_loops_ring, erik_lair_dragon,
          hangedman_fish_farm, minmay_misc_feat_square
Temple:   compressed_dpeg_circular_temple

Skill      XL: |  1  2  3  4  5  6  7  8  9 10 |
---------------+-------------------------------+-----
Axes           | 2 3 5 6 8 10 12 13 | 13.7
Fighting       | |  3.2
Armour         | |  3.2
Shields        | |  3.2

Action                   |  1- 3 |  4- 6 |  7- 9 | 10-12 || total
-------------------------+-------+-------+-------+-------++-------
Melee: War axe           |   118 |   120 |   367 |   150 ||   755
  Use: Potion            |       |     1 |     7 |     3 ||    11
       Scroll            |       |       |    13 |     5 ||    18
 Stab: Sleeping          |       |       |       |     2 ||     2
  Eat: Chunk             |       |     4 |     7 |     4 ||    15
       Ration            |       |       |     1 |       ||     1
Armor: Scale mail        |    84 |    81 |   145 |    58 ||   368
       Chain mail        |       |       |    79 |       ||    79
Dodge: Dodged            |    44 |    28 |   107 |    43 ||   222
Block: Kite shield       |    72 |    77 |   169 |    70 ||   388
